AoeStats
← Jokerball

Hideout

507023470Analyzed
1v1 RM · 15d ago on Sep 16, 2026· 29m 6s· 2 players
Game mode
Random Map
Map size
Tiny (2 player)
Population
200
Speed
Normal
Resources
Standard
Victory
Conquest
Starting age
Dark Age
Ending age
Imperial Age
RankedLock teamsTeams togetherTeam positionsShared explorationLock speedFull tech treeHidden civsTurbo modeCheats
Victory
Defeat
🇩🇪 Malians · Germany
1237
+18
🇪🇸 Khmer · Spain
1289
-18
Jokerball
7:11 Loom
9:23 Feudal Age
15:26 Castle Age
17:30 Fletching
22:15 Double-Bit Axe
28:03 Scale Mail Armor
28:17 Forging
HeyJoe
7:52 Loom
9:38 Feudal Age
9:53 Feudal Age
13:12 Castle Age
11:33 Double-Bit Axe
19:35 Horse Collar
20:58 Bow Saw
29:47 Imperial Age
Connection lost

Rejoining the realm…

Still unreachable

The connection could not be restored.

Session expired

The server has moved on; the page needs a fresh start.